Senateurs vs Stars
Created - January 2, 2022 at 19:16
Goals
|
Senateurs |
3 |
1 |
1 |
5 |
Stars |
0 |
1 |
0 |
1 |
|
Shots
|
Senateurs |
10 |
14 |
7 |
31 |
Stars |
6 |
8 |
14 |
28 |
|
1st period
1. Senateurs , Rostislav Olesz 4 (Reilly Smith 4, Cody Franson 2) at 0:10
2. Senateurs , Loui Eriksson 4 (Peter Mueller 3, Brandon Burlon 4) at 5:29
3. Senateurs , Reilly Smith 9 (Sidney Crosby 11, Rostislav Olesz 7) at 16:13
Penalties :
Alex Chiasson (Dal) for Interference (Minor) at 8:26
2nd period
4. Senateurs , Rickard Rakell 3 (Alexander Wennberg 6, Nate Prosser 3) at 6:18
5. Stars , Brian Lee 4 (Ian White 5, Michael Grabner 6) at 13:04 (PP)
Penalties :
Brian Lee (Dal) for Holding (Minor) at 1:55, Cody Franson (Ott) for Holding (Minor) at 6:31, Brian Lee (Dal) for Holding (Minor) at 6:35, Brandon Burlon (Ott) for Hooking (Minor) at 11:53
3rd period
6. Senateurs , Samuel Morin 1 (Matt Martin 6) at 19:22 (SH)
Penalties :
Matt Martin (Ott) for Tripping (Minor) at 12:08, Eric Gelinas (Ott) for Slashing (Minor) at 19:08
Goalie Stats
Brian Elliott (Ott), 27 saves from 28 shots - (0.964), W, 5-2-0, 60:00 minutes
Braden Holtby (Dal), 12 saves from 13 shots - (0.923), 33:42 minutes
Matt Murray (Dal), 14 saves from 18 shots - (0.778), L, 4-4-2, 26:18 minutes
Players Stats for Senateurs
Player Name G A P +/- PIM S H SB GA TA FO MP PP MP PK MP
------------------------------------------------------------------------------------
Alexander Wennberg 0 1 1 1 0 1 1 0 0 0 7/15 17:37 2:03 1:11
Bobby Ryan 0 0 0 0 0 1 0 0 0 0 0/0 12:16 0:00 0:00
Brad Richardson 0 0 0 0 0 1 0 0 0 0 1/3 11:35 0:00 0:07
Brandon Burlon 0 1 1 2 2 0 2 3 0 1 0/0 21:05 1:39 2:18
Cody Franson 0 1 1 2 2 1 1 0 2 2 0/0 25:51 1:35 2:24
Dion Phaneuf 0 0 0 1 0 1 1 3 0 2 0/0 20:30 2:23 1:37
Eric Gelinas 0 0 0 1 2 1 0 1 0 1 0/0 26:24 2:23 1:37
Loui Eriksson 1 0 1 1 0 1 4 0 1 0 0/0 10:01 1:59 0:00
Matt Martin 0 1 1 2 2 3 2 0 0 1 3/7 17:42 2:03 1:52
Nate Prosser 0 1 1 2 0 1 2 0 0 1 0/0 13:14 0:00 0:14
Peter Mueller 0 1 1 1 0 1 0 0 0 0 0/0 7:37 0:00 0:00
Reilly Smith 1 1 2 2 0 2 1 0 0 0 3/4 18:21 0:00 0:55
Rickard Rakell 1 0 1 1 0 3 1 0 0 0 0/0 15:59 2:03 0:14
Rostislav Olesz 1 1 2 2 0 4 0 1 1 0 0/1 19:58 1:59 0:48
Samuel Morin 1 0 1 2 0 2 0 0 0 0 0/0 11:27 0:00 3:03
Sergei Kostitsyn 0 0 0 0 0 1 1 0 1 0 1/1 11:22 0:00 0:00
Sidney Crosby 0 1 1 2 0 5 3 1 2 0 11/27 20:04 1:59 0:00
T.J. Fast 0 0 0 2 0 2 0 0 0 0 0/0 12:53 0:04 0:00
Players Stats for Stars
Player Name G A P +/- PIM S H SB GA TA FO MP PP MP PK MP
------------------------------------------------------------------------------------
Alex Chiasson 0 0 0 -1 2 1 2 0 1 0 1/1 15:28 1:34 0:00
Andrej Sustr 0 0 0 -1 0 1 1 0 0 0 0/0 20:19 1:26 1:29
Andrew Ladd 0 0 0 0 0 1 1 1 0 0 0/0 12:46 0:06 1:01
Boris Valabik 0 0 0 -1 0 0 1 1 0 2 0/0 20:05 1:26 1:29
Brian Lee 1 0 1 -4 4 2 0 1 3 2 0/0 23:35 2:38 1:21
Cam Atkinson 0 0 0 0 0 4 1 0 0 0 0/0 11:33 0:06 0:01
Cory Emmerton 0 0 0 -1 0 1 2 1 0 0 2/4 10:40 0:00 1:04
Evgeny Grachev 0 0 0 -1 0 2 1 1 0 0 4/7 14:39 1:34 0:00
Evgeny Kuznetsov 0 0 0 0 0 0 1 1 0 0 3/5 10:50 0:00 0:00
Guillaume Latendresse 0 0 0 -3 0 1 1 0 0 0 1/2 21:28 2:25 1:54
Ian White 0 1 1 -4 0 4 2 0 0 0 0/0 26:58 2:39 2:33
Jeremy Morin 0 0 0 -1 0 2 1 0 0 0 0/0 9:36 0:00 0:00
John Tavares 0 0 0 -3 0 2 5 1 0 1 21/37 21:38 2:31 1:56
Jussi Jokinen 0 0 0 -1 0 1 1 0 1 0 0/1 16:33 1:34 1:04
Michael Grabner 0 1 1 -3 0 3 2 1 2 0 0/1 19:59 2:25 1:04
Paul Ladue 0 0 0 0 0 1 2 1 1 0 0/0 14:54 0:00 1:12
Scott Kosmachuck 0 0 0 -1 0 0 1 0 0 1 0/0 9:36 0:00 0:00
Tyson Barrie 0 0 0 0 0 2 1 0 0 1 0/0 13:23 0:00 0:00
3 Stars
1 - Reilly Smith (Ott)
2 - Rostislav Olesz (Ott)
3 - Brian Elliott (Ott)
Power Play
Senateurs - 0 on 3 Attempt(s) - 0.00%
Stars - 1 on 4 Attempt(s) - 25.00%
Penalty Kill
Senateurs - 3 on 4 Attempt(s) - 75.00%
- Score 1 goal in Penalty Kill
Stars - 3 on 3 Attempt(s) - 100.00%
- Score 0 goal in Penalty Kill
Team Stat
Senateurs - Hits : 19 - Faceoff Wins : 26 - Blocked Shots : 9 - Penalty Minutes : 8
Stars - Hits : 26 - Faceoff Wins : 32 - Blocked Shots : 9 - Penalty Minutes : 6
Official
Referees : Peter MacDougall and Tim Peel
Linesman : Kiel Murchison and Derek Nansen
Game Notes
0:10 of 1st period - Senateurs goal is going for a video replay. After video review, Goal.
Braden Holtby enters game at 6:18 of 2nd period
Finance
Level 1 -- Attendance: 6000 (100.00%) -- Ticket Income $600,000
Level 2 -- Attendance: 4963 (99.26%) -- Ticket Income $297,780
Level 3 -- Attendance: 1983 (99.15%) -- Ticket Income $69,405
Level 4 -- Attendance: 3850 (96.25%) -- Ticket Income $96,250
Luxury Box -- Attendance: 1000 (100.00%) -- Ticket Income $200,000
Game was played at the American Airlines Center.
Total Attendance: 17796 (98.87%)
Total Ticket Income: $1,263,435
Other Income: $189,515
Total Income: $1,452,950
Senateurs
5 vs 5 Forward
Center Left Wing Right Wing Time % Phy DF OF
1 Sidney Crosby Rostislav Olesz Reilly Smith 40 0 2 3
2 Alexander Wennberg Matt Martin Rickard Rakell 30 0 2 3
3 Brad Richardson Sergei Kostitsyn Bobby Ryan 20 1 2 2
4 Peter Mueller Samuel Morin Loui Eriksson 10 1 3 1
5 vs 5 Defense
Defense Defense Time % Phy DF OF
1 Cody Franson Eric Gelinas 40 1 2 2
2 Dion Phaneuf Brandon Burlon 30 1 2 2
3 Nate Prosser T.J. Fast 20 1 2 2
4 Cody Franson Eric Gelinas 10 1 3 1
PowerPlay Forward
Center Left Wing Right Wing Time % Phy DF OF
1 Sidney Crosby Rostislav Olesz Loui Eriksson 60 0 1 4
2 Alexander Wennberg Matt Martin Rickard Rakell 40 0 1 4
PowerPlay Defense
Defense Defense Time % Phy DF OF
1 Dion Phaneuf Eric Gelinas 60 1 2 2
2 Cody Franson Brandon Burlon 40 1 2 2
Penalty Kill 4 Players Forward
Center Wing Time % Phy DF OF
1 Matt Martin Samuel Morin 60 1 2 2
2 Alexander Wennberg Rickard Rakell 40 1 2 2
Penalty Kill 4 Players Defense
Defense Defense Time % Phy DF OF
1 Cody Franson Eric Gelinas 60 1 2 2
2 Dion Phaneuf Brandon Burlon 40 1 2 2
Penalty Kill - 3 Players Forward
Forward Time % Phy DF OF
1 Rickard Rakell 60 1 2 2
2 Samuel Morin 40 1 2 2
Penalty Kill - 3 Players Defense
Defense Defense Time % Phy DF OF
1 Cody Franson Eric Gelinas 60 1 2 2
2 Dion Phaneuf Brandon Burlon 40 1 2 2
4 vs 4 Forward
Center Wing Time % Phy DF OF
1 Sidney Crosby Bobby Ryan 55 1 2 2
2 Alexander Wennberg Samuel Morin 45 1 2 2
4 vs 4 Defense
Defense Defense Time % Phy DF OF
1 Dion Phaneuf Eric Gelinas 55 1 2 2
2 Cody Franson Brandon Burlon 45 1 2 2
Last Minutes Offensive
Center Left Wing Right Wing Defense Defense
Sidney Crosby Alexander Wennberg Reilly Smith Cody Franson Eric Gelinas
Last Minutes Defensive
Center Left Wing Right Wing Defense Defense
Sidney Crosby Matt Martin Samuel Morin Dion Phaneuf Eric Gelinas
Goaltenders
Starting : Brian Elliott
Backup : Viktor Fasth
Extra Forwards
Normal : Reilly Smith, Loui Eriksson, Rostislav Olesz - PP : Reilly Smith, Loui Eriksson - PK : Reilly Smith
Extra Defensemen
Normal : Brandon Burlon, Nate Prosser, T.J. Fast - PP : Brandon Burlon - PK : Brandon Burlon, Nate Prosser
Penalty Shots
Sidney Crosby, Matt Martin, Rickard Rakell, Bobby Ryan, Reilly Smith
Scratches
Anthony Bitetto (Healthy), Nick Foligno (Healthy)
Stars
5 vs 5 Forward
Center Left Wing Right Wing Time % Phy DF OF
1 John Tavares Guillaume Latendresse Michael Grabner 40 1 2 2
2 Evgeny Grachev Jussi Jokinen Alex Chiasson 30 1 2 2
3 Evgeny Kuznetsov Andrew Ladd Cam Atkinson 20 1 2 2
4 Cory Emmerton Jeremy Morin Scott Kosmachuck 10 1 2 2
5 vs 5 Defense
Defense Defense Time % Phy DF OF
1 Ian White Brian Lee 40 1 2 2
2 Boris Valabik Andrej Sustr 30 1 2 2
3 Tyson Barrie Paul Ladue 20 1 2 2
4 Ian White Brian Lee 10 1 2 2
PowerPlay Forward
Center Left Wing Right Wing Time % Phy DF OF
1 John Tavares Guillaume Latendresse Michael Grabner 60 0 2 3
2 Evgeny Grachev Jussi Jokinen Alex Chiasson 40 0 2 3
PowerPlay Defense
Defense Defense Time % Phy DF OF
1 Ian White Brian Lee 60 0 2 3
2 Boris Valabik Andrej Sustr 40 0 2 3
Penalty Kill 4 Players Forward
Center Wing Time % Phy DF OF
1 John Tavares Guillaume Latendresse 60 0 3 2
2 Michael Grabner Jussi Jokinen 40 0 3 2
Penalty Kill 4 Players Defense
Defense Defense Time % Phy DF OF
1 Ian White Brian Lee 60 0 3 2
2 Boris Valabik Andrej Sustr 40 0 3 2
Penalty Kill - 3 Players Forward
Forward Time % Phy DF OF
1 John Tavares 60 0 3 2
2 Guillaume Latendresse 40 0 3 2
Penalty Kill - 3 Players Defense
Defense Defense Time % Phy DF OF
1 Ian White Brian Lee 60 0 3 2
2 Boris Valabik Andrej Sustr 40 0 3 2
4 vs 4 Forward
Center Wing Time % Phy DF OF
1 John Tavares Guillaume Latendresse 60 0 2 3
2 Michael Grabner Jussi Jokinen 40 0 2 3
4 vs 4 Defense
Defense Defense Time % Phy DF OF
1 Ian White Brian Lee 60 1 2 2
2 Boris Valabik Andrej Sustr 40 1 2 2
Last Minutes Offensive
Center Left Wing Right Wing Defense Defense
John Tavares Guillaume Latendresse Michael Grabner Ian White Brian Lee
Last Minutes Defensive
Center Left Wing Right Wing Defense Defense
John Tavares Guillaume Latendresse Michael Grabner Ian White Brian Lee
Goaltenders
Starting : Matt Murray
Backup : Braden Holtby
Extra Forwards
Normal : Andrew Ladd, Cam Atkinson, Cory Emmerton - PP : Andrew Ladd, Cam Atkinson - PK : Cory Emmerton
Extra Defensemen
Normal : Tyson Barrie, Paul Ladue, Boris Valabik - PP : Tyson Barrie - PK : Paul Ladue, Boris Valabik
Penalty Shots
John Tavares, Guillaume Latendresse, Michael Grabner, Jussi Jokinen, Alex Chiasson
Scratches
Tyler Brenner (Healthy)
% Time on Ice - Senateurs
Lines # - Real PCT - Wanted PCT - Time Play
Normal Forward
1 - 35% - 40% - 17:17
2 - 27% - 30% - 13:42
3 - 23% - 20% - 11:22
4 - 15% - 10% - 7:37
Normal Defense
1 - 39% - 40% - 19:27
2 - 32% - 30% - 16:04
3 - 25% - 20% - 12:19
4 - 4% - 10% - 2:08
PP Forward
1 - 49% - 60% - 1:59
2 - 51% - 40% - 2:03
PP Defense
1 - 59% - 60% - 2:23
2 - 41% - 40% - 1:39
PK Forward
1 - 94% - 60% - 3:51
2 - 6% - 40% - 0:14
PK Defense
1 - 60% - 60% - 2:28
2 - 40% - 40% - 1:37
PK3 Forward
1 - 0% - 60%
2 - 0% - 40%
PK3 Defense
1 - 0% - 60%
2 - 0% - 40%
44 Forward
1 - 64% - 55% - 1:14
2 - 36% - 45% - 0:41
44 Defense
1 - 53% - 55% - 1:01
2 - 47% - 45% - 0:54
Last Minute Offensive - 0:00
Last Minute Defensive - 0:00
Total
Forward - 60:00
Defense - 60:00
|
% Time on Ice - Stars
Lines # - Real PCT - Wanted PCT - Time Play
Normal Forward
1 - 33% - 40% - 16:21
2 - 26% - 30% - 13:11
3 - 22% - 20% - 10:50
4 - 19% - 10% - 9:36
Normal Defense
1 - 39% - 40% - 19:19
2 - 33% - 30% - 16:24
3 - 25% - 20% - 12:35
4 - 3% - 10% - 1:40
PP Forward
1 - 62% - 60% - 2:31
2 - 38% - 40% - 1:34
PP Defense
1 - 65% - 60% - 2:39
2 - 35% - 40% - 1:26
PK Forward
1 - 74% - 60% - 2:58
2 - 26% - 40% - 1:04
PK Defense
1 - 63% - 60% - 2:33
2 - 37% - 40% - 1:29
PK3 Forward
1 - 0% - 60%
2 - 0% - 40%
PK3 Defense
1 - 0% - 60%
2 - 0% - 40%
44 Forward
1 - 72% - 60% - 1:23
2 - 28% - 40% - 0:32
44 Defense
1 - 73% - 60% - 1:24
2 - 27% - 40% - 0:31
Last Minute Offensive - 0:00
Last Minute Defensive - 0:00
Total
Forward - 60:00
Defense - 60:00
|
Play-by-Play
1st period
0:01 of 1st period - Sidney Crosby wins face-off versus John Tavares in neutral zone.
0:04 of 1st period - Wrist shot by Sidney Crosby.
0:04 of 1st period - Stopped by Matt Murray with a rebound.
0:06 of 1st period - Slapshot by Cody Franson.
0:06 of 1st period - Stopped by Matt Murray with a rebound.
0:10 of 1st period - Slapshot by Rostislav Olesz.
0:10 of 1st period - Senateurs goal is going for a video replay.
0:10 of 1st period - The goal is good.
0:10 of 1st period - Goal by Rostislav Olesz - Senateurs : 1 - Stars : 0.
0:11 of 1st period - Evgeny Grachev wins face-off versus Alexander Wennberg in neutral zone.
0:14 of 1st period - Rickard Rakell is hit by Andrej Sustr and loses puck.
0:37 of 1st period - Andrej Sustr is hit by Dion Phaneuf and loses puck.
1:04 of 1st period - Sidney Crosby is hit by Michael Grabner and loses puck.
1:22 of 1st period - Icing by Cody Franson.
1:23 of 1st period - Sidney Crosby wins face-off versus Cory Emmerton in Senateurs zone.
1:36 of 1st period - Snap shot by Peter Mueller.
1:36 of 1st period - Stopped by Matt Murray with a rebound.
1:42 of 1st period - Cody Franson is hit by Ian White and loses puck.
2:11 of 1st period - Snap shot by Jeremy Morin.
2:11 of 1st period - Stopped by Brian Elliott without a rebound.
2:12 of 1st period - Alex Chiasson wins face-off versus Alexander Wennberg in Senateurs zone.
2:25 of 1st period - Slapshot by Evgeny Grachev.
2:25 of 1st period - Stopped by Brian Elliott without a rebound.
2:26 of 1st period - Sidney Crosby wins face-off versus John Tavares in Senateurs zone.
2:41 of 1st period - Wrist shot by Sidney Crosby.
2:41 of 1st period - Stopped by Matt Murray with a rebound.
2:43 of 1st period - Slapshot by Sidney Crosby.
2:43 of 1st period - Shot Misses the Net.
2:53 of 1st period - T.J. Fast is hit by Jussi Jokinen and loses puck.
3:18 of 1st period - Cam Atkinson is hit by Nate Prosser.
3:28 of 1st period - Wrist shot by Andrew Ladd.
3:28 of 1st period - Deflect By Nate Prosser.
3:28 of 1st period - Stopped by Brian Elliott without a rebound.
3:29 of 1st period - Sidney Crosby wins face-off versus Michael Grabner in Senateurs zone.
4:08 of 1st period - Eric Gelinas is hit by Alex Chiasson and loses puck.
4:15 of 1st period - Eric Gelinas is hit by Paul Ladue and loses puck.
4:48 of 1st period - Snap shot by Alexander Wennberg.
4:48 of 1st period - Shot Misses the Net.
4:50 of 1st period - Snap shot by Rickard Rakell.
4:50 of 1st period - Stopped by Matt Murray without a rebound.
4:51 of 1st period - John Tavares wins face-off versus Sidney Crosby in Stars zone.
4:58 of 1st period - Slapshot by John Tavares.
4:58 of 1st period - Shot Misses the Net.
5:18 of 1st period - John Tavares is hit by Loui Eriksson and loses puck.
5:29 of 1st period - Snap shot by Loui Eriksson.
5:29 of 1st period - Goal by Loui Eriksson - Senateurs : 2 - Stars : 0.
5:30 of 1st period - Evgeny Kuznetsov wins face-off versus Rostislav Olesz in neutral zone.
5:33 of 1st period - Slapshot by Ian White.
5:33 of 1st period - Stopped by Brian Elliott with a rebound.
6:06 of 1st period - Matt Martin is hit by Andrew Ladd and loses puck.
7:35 of 1st period - Nate Prosser is hit by Tyson Barrie and loses puck.
7:48 of 1st period - Snap shot by Rickard Rakell.
7:48 of 1st period - Shot Blocked by John Tavares.
8:26 of 1st period - Minor Penalty to Alex Chiasson for Interference.
8:27 of 1st period - Sidney Crosby wins face-off versus John Tavares in Stars zone.
10:05 of 1st period - Dion Phaneuf is hit by Cory Emmerton and loses puck.
10:26 of 1st period - Penalty to Alex Chiasson is over, Alex Chiasson is back on ice.
11:42 of 1st period - Tyson Barrie is hit by Brandon Burlon and loses puck.
12:21 of 1st period - Jussi Jokinen is hit by Sergei Kostitsyn and loses puck.
12:32 of 1st period - Alex Chiasson is hit by Loui Eriksson and loses puck.
13:23 of 1st period - Matt Martin is hit by Cam Atkinson and loses puck.
13:30 of 1st period - Wrist shot by Andrew Ladd.
13:30 of 1st period - Deflect By Evgeny Kuznetsov.
13:30 of 1st period - Shot Misses the Net.
13:30 of 1st period - Puck is out of play.
13:31 of 1st period - Sidney Crosby wins face-off versus Cory Emmerton in Senateurs zone.
13:36 of 1st period - Snap shot by Dion Phaneuf.
13:36 of 1st period - Deflect By Sidney Crosby.
13:36 of 1st period - Stopped by Matt Murray without a rebound.
13:37 of 1st period - Cory Emmerton wins face-off versus Sidney Crosby in Stars zone.
14:50 of 1st period - Snap shot by Rostislav Olesz.
14:50 of 1st period - Stopped by Matt Murray with a rebound.
15:12 of 1st period - Slapshot by Ian White.
15:12 of 1st period - Deflect By Sidney Crosby.
15:12 of 1st period - Stopped by Brian Elliott with a rebound.
15:18 of 1st period - Sidney Crosby is hit by Cory Emmerton and loses puck.
16:11 of 1st period - Snap shot by Sidney Crosby.
16:11 of 1st period - Shot Blocked by Cory Emmerton.
16:13 of 1st period - Snap shot by Sidney Crosby.
16:13 of 1st period - Deflect By Reilly Smith.
16:13 of 1st period - Goal by Reilly Smith - Senateurs : 3 - Stars : 0.
16:14 of 1st period - John Tavares wins face-off versus Alexander Wennberg in neutral zone.
16:21 of 1st period - Rickard Rakell is hit by John Tavares and loses puck.
16:46 of 1st period - Backhand shot by Evgeny Grachev.
16:46 of 1st period - Shot Misses the Net.
17:27 of 1st period - Slapshot by Rickard Rakell.
17:27 of 1st period - Shot Blocked by Michael Grabner.
18:05 of 1st period - Slapshot by Tyson Barrie.
18:05 of 1st period - Shot Misses the Net.
18:07 of 1st period - Wrist shot by John Tavares.
18:07 of 1st period - Stopped by Brian Elliott with a rebound.
18:52 of 1st period - Sergei Kostitsyn is hit by John Tavares.
Goals for this period are 3 for Senateurs vs 0 for Stars.
Shots for this period are 10 for Senateurs vs 6 for Stars.
2nd period
0:01 of 2nd period - John Tavares wins face-off versus Sidney Crosby in neutral zone.
0:26 of 2nd period - Alex Chiasson is hit by Matt Martin and loses puck.
0:31 of 2nd period - Wrist shot by Rickard Rakell.
0:31 of 2nd period - Stopped by Matt Murray without a rebound.
0:32 of 2nd period - Alexander Wennberg wins face-off versus John Tavares in Stars zone.
0:39 of 2nd period - Snap shot by Matt Martin.
0:39 of 2nd period - Stopped by Matt Murray with a rebound.
0:41 of 2nd period - Wrist shot by Dion Phaneuf.
0:41 of 2nd period - Stopped by Matt Murray without a rebound.
0:42 of 2nd period - John Tavares wins face-off versus Sidney Crosby in Stars zone.
0:53 of 2nd period - Wrist shot by Rostislav Olesz.
0:53 of 2nd period - Stopped by Matt Murray with a rebound.
1:20 of 2nd period - Alex Chiasson is hit by Matt Martin and loses puck.
1:45 of 2nd period - Snap shot by Peter Mueller.
1:45 of 2nd period - Shot Misses the Net.
1:49 of 2nd period - Wrist shot by Peter Mueller.
1:49 of 2nd period - Shot Misses the Net.
1:55 of 2nd period - Minor Penalty to Brian Lee for Holding.
1:56 of 2nd period - John Tavares wins face-off versus Sidney Crosby in Stars zone.
2:05 of 2nd period - John Tavares is hit by Sidney Crosby and loses puck.
2:28 of 2nd period - Ian White is hit by Rickard Rakell and loses puck.
3:19 of 2nd period - Boris Valabik is hit by Loui Eriksson and loses puck.
3:55 of 2nd period - Penalty to Brian Lee is over, Brian Lee is back on ice.
4:04 of 2nd period - Slapshot by Ian White.
4:04 of 2nd period - Deflect By Sergei Kostitsyn.
4:04 of 2nd period - Stopped by Brian Elliott without a rebound.
4:05 of 2nd period - Sergei Kostitsyn wins face-off versus Evgeny Kuznetsov in Senateurs zone.
4:20 of 2nd period - Slapshot by Sergei Kostitsyn.
4:20 of 2nd period - Shot Blocked by Andrew Ladd.
4:34 of 2nd period - Slapshot by Brad Richardson.
4:34 of 2nd period - Shot Blocked by Boris Valabik.
4:36 of 2nd period - Snap shot by Sergei Kostitsyn.
4:36 of 2nd period - Shot Misses the Net.
4:38 of 2nd period - Snap shot by Nate Prosser.
4:38 of 2nd period - Deflect By Bobby Ryan.
4:38 of 2nd period - Stopped by Matt Murray with a rebound.
4:40 of 2nd period - Slapshot by T.J. Fast.
4:40 of 2nd period - Stopped by Matt Murray with a rebound.
4:42 of 2nd period - Slapshot by T.J. Fast.
4:42 of 2nd period - Shot Misses the Net.
4:48 of 2nd period - Slapshot by Bobby Ryan.
4:48 of 2nd period - Shot Misses the Net.
4:50 of 2nd period - Slapshot by Nate Prosser.
4:50 of 2nd period - Stopped by Matt Murray without a rebound.
4:51 of 2nd period - Reilly Smith wins face-off versus John Tavares in Stars zone.
5:40 of 2nd period - Dion Phaneuf is hit by Paul Ladue and loses puck.
6:03 of 2nd period - Sidney Crosby is hit by Michael Grabner and loses puck.
6:08 of 2nd period - Snap shot by John Tavares.
6:08 of 2nd period - Stopped by Brian Elliott without a rebound.
6:09 of 2nd period - Evgeny Grachev wins face-off versus Alexander Wennberg in Senateurs zone.
6:18 of 2nd period - Slapshot by Rickard Rakell.
6:18 of 2nd period - Goal by Rickard Rakell - Senateurs : 4 - Stars : 0.
6:18 of 2nd period - Braden Holtby enters game.
6:19 of 2nd period - Sidney Crosby wins face-off versus John Tavares in neutral zone.
6:31 of 2nd period - Minor Penalty to Cody Franson for Holding.
6:32 of 2nd period - John Tavares wins face-off versus Matt Martin in Senateurs zone.
6:35 of 2nd period - Minor Penalty to Brian Lee for Holding.
6:36 of 2nd period - John Tavares wins face-off versus Sidney Crosby in Stars zone.
6:40 of 2nd period - Snap shot by Ian White.
6:40 of 2nd period - Shot Blocked by Dion Phaneuf.
8:07 of 2nd period - Reilly Smith is hit by Ian White and loses puck.
8:14 of 2nd period - Andrew Ladd is hit by Reilly Smith and loses puck.
8:31 of 2nd period - Penalty to Cody Franson is over, Cody Franson is back on ice.
8:35 of 2nd period - Penalty to Brian Lee is over, Brian Lee is back on ice.
8:45 of 2nd period - Alexander Wennberg is hit by Scott Kosmachuck and loses puck.
9:55 of 2nd period - Nate Prosser is hit by Boris Valabik and loses puck.
10:12 of 2nd period - Bobby Ryan is hit by Jeremy Morin and loses puck.
10:20 of 2nd period - Icing by Brad Richardson.
10:21 of 2nd period - Guillaume Latendresse wins face-off versus Brad Richardson in Senateurs zone.
10:34 of 2nd period - Brad Richardson is hit by Guillaume Latendresse and loses puck.
10:51 of 2nd period - Cody Franson is hit by Evgeny Grachev and loses puck.
11:14 of 2nd period - Slapshot by Cam Atkinson.
11:14 of 2nd period - Shot Misses the Net.
11:38 of 2nd period - Wrist shot by Jeremy Morin.
11:38 of 2nd period - Stopped by Brian Elliott without a rebound.
11:39 of 2nd period - Sidney Crosby wins face-off versus John Tavares in Senateurs zone.
11:53 of 2nd period - Minor Penalty to Brandon Burlon for Hooking.
11:54 of 2nd period - John Tavares wins face-off versus Matt Martin in Senateurs zone.
12:48 of 2nd period - Snap shot by Matt Martin.
12:48 of 2nd period - Stopped by Braden Holtby with a rebound.
12:50 of 2nd period - Wrist shot by Matt Martin.
12:50 of 2nd period - Stopped by Braden Holtby without a rebound.
12:51 of 2nd period - Alexander Wennberg wins face-off versus Guillaume Latendresse in Stars zone.
12:54 of 2nd period - Wrist shot by Rickard Rakell.
12:54 of 2nd period - Shot Misses the Net.
13:00 of 2nd period - Wrist shot by Michael Grabner.
13:00 of 2nd period - Stopped by Brian Elliott with a rebound.
13:02 of 2nd period - Slapshot by Ian White.
13:02 of 2nd period - Stopped by Brian Elliott with a rebound.
13:04 of 2nd period - Wrist shot by Brian Lee.
13:04 of 2nd period - Goal by Brian Lee - Senateurs : 4 - Stars : 1.
13:05 of 2nd period - John Tavares wins face-off versus Sidney Crosby in neutral zone.
13:16 of 2nd period - Snap shot by John Tavares.
13:16 of 2nd period - Shot Misses the Net.
13:18 of 2nd period - Slapshot by Ian White.
13:18 of 2nd period - Deflect By Michael Grabner.
13:18 of 2nd period - Shot Misses the Net.
13:18 of 2nd period - Puck is out of play.
13:19 of 2nd period - John Tavares wins face-off versus Sidney Crosby in Senateurs zone.
13:20 of 2nd period - Wrist shot by Michael Grabner.
13:20 of 2nd period - Shot Misses the Net.
14:36 of 2nd period - Wrist shot by Rostislav Olesz.
14:36 of 2nd period - Stopped by Braden Holtby without a rebound.
14:37 of 2nd period - Reilly Smith wins face-off versus Evgeny Kuznetsov in Stars zone.
15:02 of 2nd period - Paul Ladue is hit by Cody Franson and loses puck.
15:42 of 2nd period - Wrist shot by Cam Atkinson.
15:42 of 2nd period - Shot Misses the Net.
15:44 of 2nd period - Snap shot by Andrew Ladd.
15:44 of 2nd period - Shot Blocked by Eric Gelinas.
15:46 of 2nd period - Slapshot by Andrej Sustr.
15:46 of 2nd period - Stopped by Brian Elliott with a rebound.
15:48 of 2nd period - Wrist shot by Andrew Ladd.
15:48 of 2nd period - Shot Blocked by Rostislav Olesz.
16:02 of 2nd period - Snap shot by Reilly Smith.
16:02 of 2nd period - Shot Blocked by Paul Ladue.
16:04 of 2nd period - Wrist shot by Reilly Smith.
16:04 of 2nd period - Stopped by Braden Holtby with a rebound.
16:06 of 2nd period - Snap shot by Eric Gelinas.
16:06 of 2nd period - Stopped by Braden Holtby without a rebound.
16:07 of 2nd period - John Tavares wins face-off versus Alexander Wennberg in Stars zone.
16:59 of 2nd period - Wrist shot by Cory Emmerton.
16:59 of 2nd period - Shot Blocked by Dion Phaneuf.
17:07 of 2nd period - Paul Ladue is hit by Loui Eriksson and loses puck.
17:37 of 2nd period - Jussi Jokinen is hit by Nate Prosser and loses puck.
19:01 of 2nd period - Slapshot by Brian Lee.
19:01 of 2nd period - Shot Misses the Net.
19:21 of 2nd period - Wrist shot by Cam Atkinson.
19:21 of 2nd period - Stopped by Brian Elliott without a rebound.
19:22 of 2nd period - Cory Emmerton wins face-off versus Alexander Wennberg in Senateurs zone.
19:52 of 2nd period - Snap shot by Sidney Crosby.
19:52 of 2nd period - Shot Blocked by Evgeny Grachev.
19:54 of 2nd period - Slapshot by T.J. Fast.
19:54 of 2nd period - Stopped by Braden Holtby without a rebound.
19:55 of 2nd period - John Tavares wins face-off versus Sidney Crosby in Stars zone.
Goals for this period are 1 for Senateurs vs 1 for Stars.
Shots for this period are 14 for Senateurs vs 8 for Stars.
3rd period
0:01 of 3rd period - John Tavares wins face-off versus Reilly Smith in neutral zone.
0:20 of 3rd period - Michael Grabner is hit by Sidney Crosby and loses puck.
0:39 of 3rd period - Snap shot by Alex Chiasson.
0:39 of 3rd period - Stopped by Brian Elliott without a rebound.
0:40 of 3rd period - Alexander Wennberg wins face-off versus Evgeny Grachev in Senateurs zone.
1:23 of 3rd period - Icing by Andrej Sustr.
1:24 of 3rd period - Brad Richardson wins face-off versus John Tavares in Stars zone.
1:51 of 3rd period - Wrist shot by Cam Atkinson.
1:51 of 3rd period - Stopped by Brian Elliott with a rebound.
1:53 of 3rd period - Slapshot by Ian White.
1:53 of 3rd period - Shot Misses the Net.
2:17 of 3rd period - Slapshot by Sidney Crosby.
2:17 of 3rd period - Stopped by Braden Holtby without a rebound.
2:18 of 3rd period - John Tavares wins face-off versus Sidney Crosby in Stars zone.
2:37 of 3rd period - Snap shot by Rostislav Olesz.
2:37 of 3rd period - Shot Hit the Post.
2:39 of 3rd period - Wrist shot by Sidney Crosby.
2:39 of 3rd period - Stopped by Braden Holtby without a rebound.
2:40 of 3rd period - Evgeny Grachev wins face-off versus Alexander Wennberg in Stars zone.
3:07 of 3rd period - Ian White is hit by Sidney Crosby and loses puck.
3:15 of 3rd period - Icing by Nate Prosser.
3:16 of 3rd period - John Tavares wins face-off versus Sidney Crosby in Senateurs zone.
3:29 of 3rd period - Snap shot by Michael Grabner.
3:29 of 3rd period - Stopped by Brian Elliott without a rebound.
3:30 of 3rd period - John Tavares wins face-off versus Sidney Crosby in Senateurs zone.
3:33 of 3rd period - Snap shot by John Tavares.
3:33 of 3rd period - Deflect By Michael Grabner.
3:33 of 3rd period - Stopped by Brian Elliott without a rebound.
3:34 of 3rd period - John Tavares wins face-off versus Sidney Crosby in Senateurs zone.
3:35 of 3rd period - Snap shot by Michael Grabner.
3:35 of 3rd period - Deflect By John Tavares.
3:35 of 3rd period - Shot Blocked by Sidney Crosby.
3:35 of 3rd period - Puck is out of play.
3:36 of 3rd period - Sidney Crosby wins face-off versus John Tavares in Senateurs zone.
3:48 of 3rd period - Icing by Ian White.
3:49 of 3rd period - Sidney Crosby wins face-off versus John Tavares in Stars zone.
3:58 of 3rd period - Snap shot by Guillaume Latendresse.
3:58 of 3rd period - Shot Misses the Net.
4:59 of 3rd period - Icing by Matt Martin.
5:00 of 3rd period - Evgeny Kuznetsov wins face-off versus Matt Martin in Senateurs zone.
5:04 of 3rd period - Snap shot by Paul Ladue.
5:04 of 3rd period - Shot Misses the Net.
5:06 of 3rd period - Slapshot by Paul Ladue.
5:06 of 3rd period - Stopped by Brian Elliott with a rebound.
5:08 of 3rd period - Slapshot by Tyson Barrie.
5:08 of 3rd period - Shot Misses the Net.
5:10 of 3rd period - Snap shot by Tyson Barrie.
5:10 of 3rd period - Stopped by Brian Elliott with a rebound.
5:12 of 3rd period - Snap shot by Cam Atkinson.
5:12 of 3rd period - Shot Blocked by Brandon Burlon.
5:14 of 3rd period - Wrist shot by Cam Atkinson.
5:14 of 3rd period - Stopped by Brian Elliott with a rebound.
5:16 of 3rd period - Snap shot by Evgeny Kuznetsov.
5:16 of 3rd period - Shot Blocked by Brandon Burlon.
5:36 of 3rd period - Snap shot by Cory Emmerton.
5:36 of 3rd period - Stopped by Brian Elliott without a rebound.
5:37 of 3rd period - John Tavares wins face-off versus Sidney Crosby in Senateurs zone.
6:15 of 3rd period - Slapshot by Evgeny Grachev.
6:15 of 3rd period - Shot Misses the Net.
7:52 of 3rd period - Wrist shot by Michael Grabner.
7:52 of 3rd period - Shot Misses the Net.
7:54 of 3rd period - Wrist shot by Brian Lee.
7:54 of 3rd period - Shot Hit the Post.
7:56 of 3rd period - Snap shot by Michael Grabner.
7:56 of 3rd period - Shot Blocked by Brandon Burlon.
8:46 of 3rd period - Wrist shot by Alexander Wennberg.
8:46 of 3rd period - Stopped by Braden Holtby without a rebound.
8:47 of 3rd period - John Tavares wins face-off versus Alexander Wennberg in Stars zone.
9:04 of 3rd period - Wrist shot by Guillaume Latendresse.
9:04 of 3rd period - Shot Misses the Net.
9:40 of 3rd period - Wrist shot by Brad Richardson.
9:40 of 3rd period - Stopped by Braden Holtby without a rebound.
9:41 of 3rd period - Evgeny Kuznetsov wins face-off versus Brad Richardson in Stars zone.
9:52 of 3rd period - Slapshot by Brad Richardson.
9:52 of 3rd period - Shot Blocked by Evgeny Kuznetsov.
9:54 of 3rd period - Snap shot by Brad Richardson.
9:54 of 3rd period - Shot Hit the Post.
9:58 of 3rd period - Wrist shot by Sergei Kostitsyn.
9:58 of 3rd period - Stopped by Braden Holtby without a rebound.
9:59 of 3rd period - John Tavares wins face-off versus Sidney Crosby in Stars zone.
10:10 of 3rd period - Snap shot by John Tavares.
10:10 of 3rd period - Shot Misses the Net.
10:21 of 3rd period - Icing by John Tavares.
10:22 of 3rd period - Alexander Wennberg wins face-off versus John Tavares in Stars zone.
11:18 of 3rd period - Snap shot by Cam Atkinson.
11:18 of 3rd period - Stopped by Brian Elliott with a rebound.
11:38 of 3rd period - Snap shot by Samuel Morin.
11:38 of 3rd period - Shot Misses the Net.
12:08 of 3rd period - Minor Penalty to Matt Martin for Tripping.
12:09 of 3rd period - Reilly Smith wins face-off versus John Tavares in Senateurs zone.
12:40 of 3rd period - Dion Phaneuf is hit by John Tavares and loses puck.
12:47 of 3rd period - Snap shot by Michael Grabner.
12:47 of 3rd period - Shot Misses the Net.
12:55 of 3rd period - Snap shot by John Tavares.
12:55 of 3rd period - Shot Blocked by Dion Phaneuf.
12:57 of 3rd period - Wrist shot by Guillaume Latendresse.
12:57 of 3rd period - Stopped by Brian Elliott without a rebound.
12:58 of 3rd period - Alexander Wennberg wins face-off versus Evgeny Grachev in Senateurs zone.
13:09 of 3rd period - Alexander Wennberg is hit by Alex Chiasson and loses puck.
14:06 of 3rd period - Dion Phaneuf is hit by John Tavares and loses puck.
14:08 of 3rd period - Penalty to Matt Martin is over, Matt Martin is back on ice.
14:35 of 3rd period - Alexander Wennberg is hit by Evgeny Kuznetsov and loses puck.
16:56 of 3rd period - Eric Gelinas is hit by John Tavares and loses puck.
17:24 of 3rd period - Icing by Paul Ladue.
17:25 of 3rd period - Sidney Crosby wins face-off versus Evgeny Grachev in Stars zone.
17:54 of 3rd period - Wrist shot by Michael Grabner.
17:54 of 3rd period - Shot Misses the Net.
17:56 of 3rd period - Wrist shot by Guillaume Latendresse.
17:56 of 3rd period - Shot Misses the Net.
17:58 of 3rd period - Backhand shot by Tyson Barrie.
17:58 of 3rd period - Stopped by Brian Elliott without a rebound.
17:59 of 3rd period - Alexander Wennberg wins face-off versus John Tavares in Senateurs zone.
18:04 of 3rd period - Snap shot by Cody Franson.
18:04 of 3rd period - Deflect By Matt Martin.
18:04 of 3rd period - Shot Blocked by Brian Lee.
18:04 of 3rd period - Puck is out of play.
18:05 of 3rd period - Alexander Wennberg wins face-off versus John Tavares in Stars zone.
18:30 of 3rd period - Slapshot by Evgeny Grachev.
18:30 of 3rd period - Shot Misses the Net.
18:32 of 3rd period - Snap shot by Brian Lee.
18:32 of 3rd period - Deflect By Jussi Jokinen.
18:32 of 3rd period - Stopped by Brian Elliott with a rebound.
18:34 of 3rd period - Snap shot by Evgeny Grachev.
18:34 of 3rd period - Shot Misses the Net.
18:36 of 3rd period - Slapshot by Brian Lee.
18:36 of 3rd period - Stopped by Brian Elliott without a rebound.
18:37 of 3rd period - Evgeny Grachev wins face-off versus Sidney Crosby in Senateurs zone.
19:04 of 3rd period - Boris Valabik is hit by Alexander Wennberg and loses puck.
19:08 of 3rd period - Minor Penalty to Eric Gelinas for Slashing.
19:09 of 3rd period - Matt Martin wins face-off versus John Tavares in Senateurs zone.
19:20 of 3rd period - Snap shot by Matt Martin.
19:20 of 3rd period - Deflect By Samuel Morin.
19:20 of 3rd period - Stopped by Braden Holtby without a rebound.
19:21 of 3rd period - Matt Martin wins face-off versus John Tavares in Stars zone.
19:22 of 3rd period - Snap shot by Samuel Morin.
19:22 of 3rd period - Goal by Samuel Morin - Senateurs : 5 - Stars : 1.
19:23 of 3rd period - John Tavares wins face-off versus Matt Martin in neutral zone.
19:42 of 3rd period - Brian Lee is hit by Brandon Burlon.
19:54 of 3rd period - Backhand shot by Evgeny Grachev.
19:54 of 3rd period - Stopped by Brian Elliott without a rebound.
19:55 of 3rd period - Matt Martin wins face-off versus Jussi Jokinen in Senateurs zone.
Goals for this period are 1 for Senateurs vs 0 for Stars.
Shots for this period are 7 for Senateurs vs 14 for Stars.
Output by the SimonT Hockey Simulator (STHS) for Francois Prevost